 Dungeon Crawl Stone Soup version 0.22.1-6-g1668fe2c40 (webtiles) character file.

240 Descartes the Skirmisher (level 6, -3/32 HPs)
             Began as a Vine Stalker Wanderer on Jan 20, 2019.
             Was a Believer of Uskayaw.
             Slain by a gnoll
             ... wielding a +0 spear
              (9 damage)
             ... on level 4 of the Dungeon.
             The game lasted 00:10:21 (2232 turns).

Descartes the Skirmisher (Vine Stalker Wanderer)    Turns: 2232, Time: 00:10:22

Health: -3/32      AC:  2    Str: 13    XL:     6   Next: 8%
Magic:  0/7        EV: 13    Int: 12    God:    Uskayaw [**....]
Gold:   178        SH:  0    Dex: 17    Spells: 5/5 levels left

rFire    . . .     SeeInvis .   a - +2 dagger (drain)
rCold    . . .     Gourm    .   (no shield)
rNeg     . . .     Faith    .   e - +0 robe
rPois    .         Spirit   +   (no helmet)
rElec    .         Reflect  .   (no cloak)
rCorr    .         Harm     .   (no gloves)
MR       .....                  (no boots)
Stlth    ++........             (no amulet)
HPRegen  0.50/turn              (no ring)
MPRegen  0.10/turn              (no ring)

@: no status effects
A: fangs 2, regeneration 1, magic shield, antimagic bite, no potion heal 3, rot
immunity
a: Stomp, Line Pass, Renounce Religion


You were on level 4 of the Dungeon.
You worshipped Uskayaw.
Uskayaw was noncommittal.
You were not hungry.

You visited 1 branch of the dungeon, and saw 4 of its levels.

You collected 178 gold pieces.

Inventory:

Hand Weapons
 a - a +2 dagger of draining (weapon)
 b - a +0 hand crossbow
Missiles
 c - 23 bolts
 l - 130 stones (quivered)
 s - 2 tomahawks
Armour
 e - a +0 robe (worn)
 k - a +0 leather armour
 n - a +0 pair of gloves
Wands
 q - a wand of scattershot (4)
Scrolls
 d - 2 scrolls of teleportation
 g - 3 scrolls of fog {unknown}
 i - 3 scrolls of remove curse
 r - a scroll of identify {unknown}
Potions
 h - a potion of heal wounds {unknown}
 j - a potion of might {unknown}
 m - 2 potions of brilliance {unknown}
 o - a potion of ambrosia {unknown}
 u - 2 potions of mutation {unknown}
 v - a potion of cancellation {unknown}
Comestibles
 f - 5 rations
 t - 5 chunks of flesh


   Skills:
 - Level 3.6 Fighting
 - Level 1.7 Short Blades
 - Level 1.7 Crossbows
 - Level 1.0 Throwing
 + Level 3.1 Dodging
 - Level 2.4 Stealth
 + Level 3.5 Unarmed Combat
 - Level 0.2 Spellcasting


You had 5 spell levels left.
You didn't know any spells.
Your spell library was empty.

Dungeon Overview and Level Annotations

Branches:
Dungeon (4/15)
 Temple: D:4-7

Altars:
Ashenzari
Okawaru
Trog
Uskayaw


Innate Abilities, Weirdness & Mutations

You have extremely sharp teeth.
Your natural rate of healing is unusually fast.
When hurt, damage is shared between your health and your magic reserves.
Your bite disrupts and absorbs the magic of your enemies.
Potions cannot restore your health.
You are immune to rotting.


Message History

You hit the gnoll. You drain the gnoll! You bite the gnoll.
You drain its power.
You feel invigorated.
The gnoll is heavily wounded.
The gnoll misses you.
You hit the gnoll. You drain the gnoll! You bite the gnoll.
You drain its power.
The gnoll is almost dead.
The gnoll hits you from afar with a spear.
The gnoll barely misses you.
The gnoll hits you from afar with a halberd!
You can now pass through a line of other dancers.
The gnoll hits you with a spear! The gnoll closely misses you.
The gnoll hits you. The gnoll misses you.
You hit the gnoll but do no damage. The gnoll misses you.
The gnoll hits you from afar with a spear.
* * * LOW HITPOINT WARNING * * *
The gnoll hits you.
* * * LOW HITPOINT WARNING * * *
The gnoll hits you from afar with a spear!
You die...

###.# #.# #...# #.#
#.### #+## #.#
#...## #.####
##.....##
#.##.######g.....>#
#.#........ggg.....
#..................
#......##.@........
####.#.##$#.......#
#[#.##.##.....##
#.#.##.# #...##
#......# #+##
###.####


You could see 4 gnolls.

Vanquished Creatures
  An ogre (D:4)
  An orc priest (D:3)
  A worker ant (D:4)
  6 adders
  An adder skeleton (D:4)
  A leopard gecko (D:4)
  4 orcs (D:3)
  2 giant cockroaches (D:1)
  7 goblins
  3 hobgoblins
  2 quokkas (D:4)
  A ball python (D:2)
  4 bats
  3 frilled lizards
  5 kobolds
  5 rats
47 creatures vanquished.

Notes
Turn   | Place    | Note
-------+----------+-------------------------------------------
     0 | D:1      | Descartes the Vine Stalker Wanderer began the quest for the
                  | Orb.
     0 | D:1      | Descartes set off with: a +2 short sword, a +0 hand
                  | crossbow, 30 bolts, a scroll of teleportation, a +0 robe, a
                  | ration
     0 | D:1      | Reached XP level 1. HP: 12/12 MP: 2/2
   302 | D:1      | Reached XP level 2. HP: 14/16 MP: 3/3
   614 | D:2      | Reached skill level 1 in Dodging
   719 | D:2      | Reached skill level 1 in Unarmed Combat
   719 | D:2      | Reached XP level 3. HP: 20/20 MP: 4/4
   921 | D:2      | Found an iron altar of Okawaru.
   936 | D:2      | Found a shattered altar of Ashenzari.
  1007 | D:2      | Found a faded altar of an unknown god.
  1012 | D:2      | Became a worshipper of Uskayaw the Reveler
  1012 | D:2      | Reached * piety under Uskayaw
  1340 | D:3      | Reached ** piety under Uskayaw
  1362 | D:3      | Gained mutation: Your natural rate of healing is unusually
                  | fast. [Vine Stalker growth]
  1362 | D:3      | Reached XP level 4. HP: 21/25 MP: 5/5
  1537 | D:3      | Reached *** piety under Uskayaw
  1648 | D:3      | Found a bloodstained altar of Trog.
  1648 | D:3      | Found a hide-covered altar of Uskayaw.
  1963 | D:4      | Reached XP level 5. HP: 28/28 MP: 6/6
  2149 | D:4      | Noticed an ogre
  2159 | D:4      | Killed an ogre
  2159 | D:4      | Reached XP level 6. HP: 12/32 MP: 3/7
  2232 | D:4      | Slain by a gnoll

Skill      XL: |  1  2  3  4  5 |
---------------+----------------+-----
Stealth        | 2 |  2.4
Dodging        | 1 2 3 |  3.1
Unarmed Combat | 1 2 3 |  3.5
Fighting       | |  3.6
Short Blades   | |  1.7
Crossbows      | |  1.7
Throwing       | |  1.0
Spellcasting   | |  0.2

Action                   |  1- 3 |  4- 6 || total
-------------------------+-------+-------++-------
Melee: Short sword       |    12 |    27 ||    39
       Bite              |     2 |    15 ||    17
       Dagger            |       |    28 ||    28
 Fire: Hand crossbow     |    36 |    10 ||    46
  Use: Scroll            |       |     1 ||     1
 Stab: Sleeping          |     1 |     4 ||     5
       Paralysed         |       |     2 ||     2
  Eat: Chunk             |       |     4 ||     4
Armor: Robe              |       |     3 ||     3
Dodge: Dodged            |     4 |    36 ||    40
